 Dungeon Crawl Stone Soup version 0.31.0-11-ge490571c62 (webtiles) character file.

Game seed: 3648742261649703023

38 Aviak the Caller (level 3, -1/24 HPs)
             Began as a Demonspawn Summoner on Jan 26, 2024.
             Succumbed to an adder's poison
             ... on level 2 of the Dungeon.
             The game lasted 00:02:40 (1332 turns).

Aviak the Caller (Demonspawn Summoner)              Turns: 1332, Time: 00:02:41

Health: -1/24      AC:  2    Str:  8    XL:     3   Next: 25%
Magic:  5/6        EV: 12    Int: 17    God:
Gold:   27         SH:  0    Dex: 13    Spells: 4/7 levels left

rFire   . . .        d - +0 dagger
rCold   . . .        (no shield)
rNeg    . . .        a - +0 robe
rPois   .            (no helmet)
rElec   .            (no cloak)
rCorr   .            (no gloves)
SInv    .            (no boots)
Will    .....        (no amulet)
Stlth   ++           (no ring)
HPRegen 0.24/turn    (no ring)
MPRegen 0.10/turn

%: no passive effects
@: lethally poisoned (-1 -> -6), invisible
A: powered by death 1
a: no special abilities


You were on level 2 of the Dungeon.
You visited 1 branch of the dungeon, and saw 2 of its levels.

You collected 27 gold pieces.

Inventory:

Hand Weapons
 d - a +0 dagger (weapon)
Armour
 a - a +0 robe (worn)
 j - a +2 ring mail of willpower
Jewellery
 P - a ring of poison resistance
Scrolls
 c - a scroll of brand weapon {unknown}
 e - a scroll of noise {unknown}
 f - 2 scrolls of identify {unknown}
 h - a scroll of enchant armour {unknown}
 i - a scroll of revelation {unknown}
Potions
 b - a potion of magic


   Skills:
 + Level 2.4 Dodging
 - Level 1.7 Stealth
 + Level 2.5 Spellcasting
 + Level 4.3 Summonings


You had 4 spell levels left.
You knew the following spells:

 Your Spells              Type           Power      Damage    Failure   Level
a - Summon Small Mammal   Summ           68%        N/A       3%          1
b - Call Imp              Summ           34%        N/A       4%          2

Your spell library contained the following spells:

 Spells                   Type           Power      Damage    Failure   Level
 Call Canine Familiar     Summ           17%        N/A       9%          3
 Summon Blazeheart Golem  Fire/Summ      9%         N/A       58%         4
 Summon Lightning Spire   Summ/Air       9%         N/A       58%         4


Dungeon Overview and Level Annotations

Branches:
Dungeon (2/15)

Altars:
Gozag


Innate Abilities, Weirdness & Mutations

You regenerate a little health from kills.


Message History

The adder poisons you!
Your cerulean imp hits the rat from afar with a -3 spear.
The rat dies!
The bat hits you but does no damage.
Okay, then.
You closely miss the bat.
You feel very sick. The bat hits you.
* * * LOW HITPOINT WARNING * * *
The adder closely misses you.
Your cerulean imp misses the bat.
Unknown command.
You hit the adder but do no damage.
The adder is lightly wounded.
* * * LOW HITPOINT WARNING * * *
You feel sick. The bat closely misses you. The adder barely misses you.
Your cerulean imp hits the bat from afar with a -3 spear.
The bat dies!
Unknown command.
You hit the adder.
The adder is heavily wounded.
You feel sick. The adder bites you.
* * * LOW HITPOINT WARNING * * *
You are lethally poisoned!
The adder poisons you! The adder barely misses you.
Your cerulean imp barely misses the adder.
Unknown command.
You hit the adder.
The adder is heavily wounded.
* * * LOW HITPOINT WARNING * * *
You feel sick. The adder barely misses you.
Your cerulean imp barely misses the adder.
Unknown command.
You hit the adder.
The adder is severely wounded.
* * * LOW HITPOINT WARNING * * *
You feel sick. The adder misses you.
Your cerulean imp closely misses the adder.
You barely miss the adder.
The adder is severely wounded.
You die...

...###
########.....
#........(..
#..........
#.........
#....5...
#......S#
#....††@####
#....!.....#
#..........#
#####......#
#... #......#
+....
#......#
....#
#......+ .
#....####
#......# .#.
#.....
#......#
...##.....


You could see an adder (unable to see you, ally target) and a friendly cerulean
imp (summoned).

Vanquished Creatures
  2 bats (D:1)
  An endoplasm (D:1)
  A goblin (D:2)
  2 hobgoblins (D:1)
  A jackal (D:1)
  2 quokkas (D:1)
  4 ball pythons (D:1)
  3 frilled lizards (D:1)
  A kobold (D:1)
  3 rats (D:1)
20 creatures vanquished.

Vanquished Creatures (collateral kills)
  A dart slug (D:1)
  A ball python (D:1)
  3 bats
  5 jackals
  A quokka (D:1)
  2 kobolds (D:1)
  2 rats
15 creatures vanquished.

Grand Total: 35 creatures vanquished

Notes
Turn   | Place    | Note
-------+----------+-------------------------------------------
     0 | D:1      | Aviak the Demonspawn Summoner began the quest for the Orb.
     0 | D:1      | Reached XP level 1. HP: 13/13 MP: 3/3
   271 | D:1      | Gained mutation: You regenerate a little health from kills.
                  | [demonic ancestry]
   271 | D:1      | Reached XP level 2. HP: 12/19 MP: 5/5
   708 | D:1      | Learned a level 2 spell: Call Imp
   983 | D:1      | Found a faded altar of an unknown god.
  1011 | D:1      | Reached XP level 3. HP: 14/24 MP: 2/6
  1259 | D:2      | Found an opulent altar of Gozag.
  1331 | D:2      | HP: 1/24 [poisoned by an adder]
  1332 | D:2      | Succumbed to an adder's poison

Illustrated notes

Levels and vault maps discovered:
D:1:      dpeg_arrival_tiny_h, layout_basic,
          hellmonk_ecumenical_altar_dog_temple, nicolae_houndstooth_variations
D:2:      layout_basic, basic_altar, uniq_natasha

Skill      XL: |  1 |
---------------+----+-----
Dodging        | 2 |  2.4
Stealth        | |  1.7
Spellcasting   | |  2.5
Summonings     | |  4.3

Action                     || total
---------------------------++-------
  Melee: Unarmed           ||    28
         Dagger            ||   100
         Punch             ||     4
   Cast: Summon Small Mamm ||    14
         Call Imp          ||     7
    Use: Potion            ||     1
   Stab: Sleeping          ||     4
 Armour: Robe              ||    89
  Dodge: Dodged            ||    88
